 Dungeon Crawl Stone Soup version 0.30.0-15-g856e2d3f33 (webtiles) character file.

Game seed: 9746291470662613957

32 booth the Conjurer (level 3, 0/28 HPs)
             Began as a Demonspawn Reaver on May 18, 2023.
             Slain by a quokka (1 damage)
             ... on level 1 of the Dungeon.
             The game lasted 00:04:10 (620 turns).

booth the Conjurer (Demonspawn Reaver)               Turns: 620, Time: 00:04:11

Health: 0/28       AC:  3    Str: 14    XL:     3   Next: 8%
Magic:  6/6        EV: 11    Int: 14    God:
Gold:   21         SH:  0    Dex: 11    Spells: 3/6 levels left

rFire   . . .        a - +0 hand axe
rCold   . . .        e - orb {mayhem}
rNeg    . . .        b - +0 leather armour
rPois   .            (no helmet)
rElec   .            (no cloak)
rCorr   .            (no gloves)
SInv    .            (no boots)
Will    .....        (no amulet)
Stlth   +            d - ring of wizardry
HPRegen 0.24/turn    (no ring)
MPRegen 0.10/turn

%: mayhem, wizardry (x1)
@: no status effects
A: ignite blood 1
a: no special abilities


You were on level 1 of the Dungeon.
You visited 1 branch of the dungeon, and saw 1 of its levels.

You collected 21 gold pieces.

Inventory:

Hand Weapons
 a - a +0 hand axe (weapon)
Armour
 b - a +0 leather armour (worn)
 e - an orb of mayhem (worn)
Jewellery
 d - a ring of wizardry (left hand)
Potions
 c - a potion of resistance {unknown}


   Skills:
 + Level 2.3 Fighting
 + Level 3.0 Axes
 + Level 2.1 Dodging
 + Level 2.3 Spellcasting
 + Level 3.2 Conjurations


You had 3 spell levels left.
You knew the following spells:

 Your Spells              Type           Power      Damage    Failure   Level
a - Kiss of Death         Conj/Necr      24%        2d7       6%          1
b - Momentum Strike       Conj/Tloc      12%        3d8       9%          2

Your spell library contained the following spells:

 Spells                   Type           Power      Damage    Failure   Level
 Hailstorm                Conj/Ice       6%         3d4       17%         3


Dungeon Overview and Level Annotations

Branches:
Dungeon (1/15)

Altars:


Innate Abilities, Weirdness & Mutations

Your demonic aura sometimes causes spilled blood to erupt in flames.


Message History

The quokka closely misses you.
You barely miss the quokka.
The quokka is severely wounded.
The quokka bites you but does no damage.
You completely miss the quokka.
The quokka is severely wounded.
You hit the hobgoblin.
The quokka bites you but does no damage.
The quokka barely misses you. The hobgoblin hits you.
You hit the hobgoblin but do no damage.
The hobgoblin is severely wounded.
You hit the quokka. The quokka closely misses you.
The hobgoblin hits you but does no damage.
You hit the hobgoblin.
You kill the hobgoblin!
The quokka flies into a frenzy!
You closely miss the quokka. The quokka bites you.
The quokka completely misses you.
Your Axes skill increases to level 3!
You closely miss the quokka.
The quokka is almost dead.
The quokka bites you. x2
You miss the quokka.
The quokka is almost dead.
The quokka completely misses you.
The quokka bites you but does no damage.
You miss the quokka.
The quokka is almost dead.
The quokka bites you. The quokka barely misses you.
You barely miss the quokka.
The quokka is almost dead.
The quokka closely misses you. The quokka bites you.
* * * LOW HITPOINT WARNING * * *
The quokka bites you.
* * * LOW HITPOINT WARNING * * *
You barely miss the quokka.
The quokka is almost dead.
The quokka bites you.
* * * LOW HITPOINT WARNING * * *
The quokka bites you.
You die...

#########.####
##....
#.......# ###..
#.).....# ###
#.......#
#.......#
#.......#
####.####
..?####.#####..
.......@r......
...##..........
#...........
####.##..###
#.# ..# #.# .#
#.# .. #.# P.


You could see a neutral quokka (fast, strong, insane).

Vanquished Creatures
  A dart slug (D:1)
  2 bats (D:1)
  4 endoplasms (D:1)
  2 giant cockroaches (D:1)
  A goblin (D:1)
  6 hobgoblins (D:1)
  2 jackals (D:1)
  3 quokkas (D:1)
  2 ball pythons (D:1)
  A kobold (D:1)
24 creatures vanquished.

Notes
Turn   | Place    | Note
-------+----------+-------------------------------------------
     0 | D:1      | booth the Demonspawn Reaver began the quest for the Orb.
     0 | D:1      | Reached XP level 1. HP: 16/16 MP: 3/3
   298 | D:1      | Gained mutation: Your demonic aura sometimes causes spilled
                  | blood to erupt in flames. [demonic ancestry]
   298 | D:1      | Reached XP level 2. HP: 22/22 MP: 5/5
   301 | D:1      | Learned a level 2 spell: Momentum Strike
   553 | D:1      | Reached XP level 3. HP: 19/28 MP: 6/6
   620 | D:1      | HP: 1/28 [quokka (2)]
   620 | D:1      | Slain by a quokka

Illustrated notes

Levels and vault maps discovered:
D:1:      dpeg_arrival_oval, layout_basic,
          shapermc_ecumenical_altar_mp_ritualfount, feat_on_display

Skill      XL: |  1  2  3 |
---------------+----------+-----
Dodging        | 2 |  2.1
Axes           | 3 |  3.0
Fighting       | |  2.3
Spellcasting   | |  2.3
Conjurations   | |  3.2

Action                     || total
---------------------------++-------
  Melee: Hand axe          ||   115
         Punch             ||     1
 Armour: Leather armour    ||    36
  Dodge: Dodged            ||   101
